 Dungeon Crawl Stone Soup version 0.28-a0-723-g095bd1b44f (webtiles) character file.

Game seed: 16821800535436104295

4055 lawman0 the Prestidigitator (level 10, -7/76 HPs)
             Began as a Gnoll Artificer on Oct 25, 2021.
             Was a Believer of Fedhas.
             Mangled by a hornet (8 damage)
             ... while paralysed by a hornet
             ... on level 7 of the Dungeon.
             The game lasted 00:20:47 (8011 turns).

lawman0 the Prestidigitator (Gnoll Artificer)       Turns: 8011, Time: 00:20:48

Health: -7/76      AC: 10    Str: 11    XL:     10   Next: 25%
Magic:  26/26      EV:  2    Int: 17    God:    Fedhas [**....]
Gold:   327        SH:  0    Dex: 14    Spells: 16/19 levels left

rFire   . . .      SeeInvis .   a - +2 halberd (venom)
rCold   . . .      Faith    .   (shield currently unavailable)
rNeg    + + .      Spirit   .   f - +0 leather armour
rPois   .          Reflect  .   L - +2 hood of the Assassin {Detection Stab+ Stlth++}
rElec   .          Harm     .   (no cloak)
rCorr   .          Rampage  .   y - +2 pair of gloves
Will    .....                   n - +0 pair of boots
Stlth   +++++.....              c - amulet of regeneration
HPRegen 1.22/turn               i - +4 ring of evasion
MPRegen 0.20/turn               B - ring "Plog" {rN++ MP+9 Int+4}

@: paralysed, lethally poisoned (-7 -> -10), slowed
A: fangs 1, strong nose, distributed training
a: Renounce Religion, Wall of Briars


You were on level 7 of the Dungeon.
You worshipped Fedhas.
Fedhas was pleased with you.
You visited 2 branches of the dungeon, and saw 9 of its levels.
You also visited: Ossuary.

You collected 327 gold pieces.

Inventory:

Hand Weapons
 a - a +2 halberd of venom (weapon)
 b - a +1 hunting sling
 w - a +0 long sword
Missiles
 j - 106 stones (quivered)
 E - 3 throwing nets
Armour
 f - a +0 leather armour (worn)
 n - a +0 pair of boots (worn)
 y - a +2 pair of gloves (worn)
 I - a +0 kite shield
 K - the +10 tower shield of Ignorance {rN+ Int-4}
   (You found it on level 7 of the Dungeon)

   Int:       It affects your intelligence (-4).
   rN:        It protects you from negative energy.
 L - the +2 hood of the Assassin (worn) {Detection Stab+ Stlth++}
   (You found it on level 7 of the Dungeon)

   It allows the wearer to sense nearby creatures.
   It allows the wearer to make particularly effective stabbing attacks against
   helpless or unaware enemies with any weapon.
   Stlth:     It makes you much more stealthy.
Magical Staves
 v - a staff of air
Jewellery
 c - an amulet of regeneration (around neck)
 d - the ring of Megalomania {rF+ Will+ Str-2 Int+2}
   (You found it on level 5 of the Dungeon)

   [ring of willpower]

   Str:       It affects your strength (-2).
   Int:       It affects your intelligence (+2).
   rF:        It protects you from fire.
   Will:      It increases your willpower.
 i - a +4 ring of evasion (left hand)
 z - an amulet of faith
 B - the ring "Plog" (right hand) {rN++ MP+9 Int+4}
   (You found it on level 5 of the Dungeon)

   [ring of magical power]

   Int:       It affects your intelligence (+4).
   rN:        It greatly protects you from negative energy.
   MP:        It affects your magic capacity (+9).
 C - a +6 ring of dexterity
Wands
 o - a wand of polymorph (3)
Scrolls
 h - 2 scrolls of enchant armour {unknown}
 t - a scroll of blinking {unknown}
 u - 2 scrolls of vulnerability
 A - a scroll of silence
 D - a scroll of torment {unknown}
 F - a scroll of fear
 H - a scroll of immolation {unknown}
 J - a scroll of amnesia {unknown}
Potions
 g - 3 potions of attraction
 k - a potion of cancellation {unknown}
 m - 6 potions of curing
 p - 3 potions of resistance {unknown}
 q - a potion of might {unknown}
 r - 2 potions of flight {unknown}
 s - a potion of berserk rage {unknown}
 x - 4 potions of brilliance
 G - 2 potions of ambrosia
Miscellaneous
 e - a piece from Xom's chessboard (13/15)


   Skills:
 + Level 5.8 Fighting
 + Level 5.1 Short Blades
 + Level 5.1 Long Blades
 + Level 5.1 Axes
 + Level 5.1 Maces & Flails
 + Level 5.1 Polearms
 + Level 5.1 Staves
 + Level 5.1 Slings
 + Level 5.1 Bows
 + Level 5.1 Crossbows
 + Level 5.1 Throwing
 + Level 6.9 Armour
 + Level 5.8 Dodging
 + Level 5.6 Stealth
 + Level 5.1 Shields
 + Level 5.1 Unarmed Combat
 + Level 5.1 Spellcasting
 + Level 4.2 Conjurations
 + Level 4.2 Hexes
 + Level 4.2 Summonings
 + Level 4.2 Necromancy
 + Level 4.2 Translocations
 + Level 4.2 Transmutations
 + Level 4.2 Fire Magic
 + Level 4.2 Ice Magic
 + Level 4.2 Air Magic
 + Level 4.2 Earth Magic
 + Level 4.2 Poison Magic
 + Level 5.6 Invocations
 + Level 8.4 Evocations


You had 16 spell levels left.
You knew the following spells:

 Your Spells              Type           Power      Damage    Failure   Level
a - Mephitic Cloud        Conj/Pois/Air  18%        N/A       10%         3

Your spell library contained the following spells:

 Spells                   Type           Power      Damage    Failure   Level
 Magic Dart               Conj           72%        1d6       3%          1
 Call Imp                 Summ           18%        N/A       4%          2
 Ignite Poison            Fire/Tmut/Pois 18%        N/A       10%         3
 Leda's Liquefaction      Hex/Erth       9%         N/A       30%         4
 Freezing Cloud           Conj/Ice/Air   9%         6-21      65%         5
 Lee's Rapid Deconstruct  Erth           9%         3d8*      65%         5
 Statue Form              Tmut/Erth      12%        N/A       99%         6


Dungeon Overview and Level Annotations

Branches:
Dungeon (8/15)             Temple (1/1) D:6         Ossuary (visited)
   Lair: D:8-11

Altars:
Cheibriados
Dithmenos
Elyvilon
Fedhas
Hepliaklqana
Kikubaaqudgha
Nemelex Xobeh
Sif Muna
Trog
Wu Jian
Xom
Yredelemnul

Shops:
D:4 =


Innate Abilities, Weirdness & Mutations

You have very sharp teeth.
Your uncanny sense of smell can sniff out nearby items.
Your experience applies equally to all skills.


Message History

You can move again.
Unknown command.
You closely miss something.
You feel very sick. Something stings you!
You feel as though you will be slow longer.
Something closely misses you.
Something stings you but does no damage.
Unknown command.
Unknown command.
You feel better. Something stings you!
You feel as though you will be slow longer.
Something barely misses you.
Something stings you but does no damage.
Something stings you.
* * * LOW HITPOINT WARNING * * *
You feel as though you will be slow longer.
You climb upwards.
Reactivating autopickup.
There is a stone staircase leading down here.
You feel better. Something stings you.
You are poisoned.
You feel as though you will be slow longer.
Deactivating autopickup; reactivate with Ctrl-A.
Something stings you!
* * * LOW HITPOINT WARNING * * *
You are more poisoned.
You feel as though you will be slow longer.
Something stings you!
* * * LOW HITPOINT WARNING * * *
You suddenly lose the ability to move!
* * * LOW HITPOINT WARNING * * *
You feel very sick.
Something stings you but does no damage.
* * * LOW HITPOINT WARNING * * *
You feel very sick.
Something stings you but does no damage.
Something stings you!
You die...
Fedhas appreciates your contribution to the ecosystem.

######.# #.#### #......#
#.# #.#########.#
#.........#.# ####
#########.#.##### #...
#######.#.....# #.##
#....##.#.....# #..'
#....##{#.....##########
#....##@...............#
#...)##.#.....########.#
#....)[.#.....# #.#
##.####.#.##### #.#
#.##<#.#.# ##### #.)
#.##.#.#[# #...# ##.
#.##.#.#.###...#######.
#.##.#.....'...'.......
#.#....#.###...########


There were no monsters in sight!

Vanquished Creatures
  A yak (D:5)
  4 vampire mosquitoes (D:6)
  A water moccasin (D:7)
  5 orc warriors
  An ice beast (D:6)
  2 sky beasts
  2 black bears (D:7)
  3 necrophages
  2 ogres (D:5)
  A centaur (D:7)
  A gnoll sergeant (D:5)
  2 orc priests
  6 scorpions
  A wyvern zombie (D:7)
  4 water moccasin skeletons
  4 howler monkeys
  4 centaur zombies
  A bullfrog zombie (D:3)
  2 gnoll shamans
  A hound (D:5)
  A jelly (D:5)
  A bullfrog skeleton (D:5)
  A centaur skeleton (D:4)
  17 gnolls
  4 iguanas
  An orc wizard (D:7)
  A hound zombie (D:5)
  5 mummies (Ossuary)
  5 adders
  A shadow imp (D:5)
  2 adder skeletons
  2 worms (D:3)
  2 dart slugs
  20 orcs
  6 endoplasms
  9 giant cockroaches
  A gnoll zombie (Ossuary)
  7 goblins
  8 hobgoblins
  10 jackals
  3 quokkas
  6 ball pythons
  3 bats
  3 frilled lizards
  2 goblin zombies (Ossuary)
  3 kobolds
  2 kobold zombies (Ossuary)
  An orc zombie (Ossuary)
  5 rats
180 creatures vanquished.

Vanquished Creatures (collateral kills)
  An orc priest (D:5)
  2 gnolls (D:3)
  A worm (D:5)
  An orc (D:5)
  A hobgoblin (D:1)
  A jackal (D:2)
7 creatures vanquished.

Vanquished Creatures (others)
  A centaur (D:5)
  An iguana (D:5)
  An adder (D:3)
  An orc (D:3)
  A ball python (D:1)
  A jackal (D:2)
  22 plants
28 creatures vanquished.

Grand Total: 215 creatures vanquished

Notes
Turn   | Place    | Note
-------+----------+-------------------------------------------
     0 | D:1      | lawman0 the Gnoll Artificer began the quest for the Orb.
     0 | D:1      | Reached XP level 1. HP: 17/17 MP: 1/1
   355 | D:1      | Found a faded altar of an unknown god.
   416 | D:1      | Reached XP level 2. HP: 14/23 MP: 2/2
  1364 | D:2      | Reached XP level 3. HP: 28/28 MP: 3/3
  1644 | D:2      | Reached skill level 1 in Invocations
  1768 | D:2      | lol
  2299 | D:2      | Reached skill level 1 in Short Blades
  2299 | D:2      | Reached skill level 1 in Long Blades
  2299 | D:2      | Reached skill level 1 in Axes
  2299 | D:2      | Reached skill level 1 in Maces & Flails
  2299 | D:2      | Reached skill level 1 in Polearms
  2299 | D:2      | Reached skill level 1 in Staves
  2299 | D:2      | Reached skill level 1 in Slings
  2299 | D:2      | Reached skill level 1 in Bows
  2299 | D:2      | Reached skill level 1 in Crossbows
  2299 | D:2      | Reached skill level 1 in Throwing
  2299 | D:2      | Reached skill level 1 in Shields
  2299 | D:2      | Reached skill level 1 in Unarmed Combat
  2299 | D:2      | Reached skill level 1 in Spellcasting
  2581 | D:3      | Reached XP level 4. HP: 34/34 MP: 5/5
  2635 | D:3      | Reached skill level 1 in Conjurations
  2635 | D:3      | Reached skill level 1 in Hexes
  2635 | D:3      | Reached skill level 1 in Summonings
  2635 | D:3      | Reached skill level 1 in Necromancy
  2635 | D:3      | Reached skill level 1 in Translocations
  2635 | D:3      | Reached skill level 1 in Transmutations
  2635 | D:3      | Reached skill level 1 in Fire Magic
  2635 | D:3      | Reached skill level 1 in Ice Magic
  2635 | D:3      | Reached skill level 1 in Air Magic
  2635 | D:3      | Reached skill level 1 in Earth Magic
  2635 | D:3      | Reached skill level 1 in Poison Magic
  2982 | D:3      | Reached XP level 5. HP: 40/40 MP: 6/6
  3464 | D:3      | Learned a level 3 spell: Mephitic Cloud
  3594 | D:4      | Found Cecouj's Jewellery Boutique.
  3615 | D:4      | Found a sand-covered staircase.
  3636 | Ossuary  | Entered an ossuary
  3674 | Ossuary  | Reached XP level 6. HP: 47/47 MP: 8/8
  3751 | Ossuary  | Reached skill level 5 in Armour
  4092 | D:4      | Reached XP level 7. HP: 41/52 MP: 10/10
  4123 | D:3      | Reached skill level 7 in Evocations
  4489 | D:5      | Entered Level 5 of the Dungeon
  4613 | D:5      | Found a large runed translucent door.
  4613 | D:5      | Found a large runed translucent door.
  4676 | D:5      | Noticed a yak
  4780 | D:5      | Killed a yak
  4781 | D:5      | Reached XP level 8. HP: 60/60 MP: 12/12
  4781 | D:5      | Found a large runed translucent door.
  4781 | D:5      | Found a large runed translucent door.
  4785 | D:5      | Identified the ring "Plog" {rN++ MP+9 Int+4}
  4787 | D:5      | pog
  4794 | D:5      | Identified the +6 falchion "Beetleslayer" {holy, Str-4
                  | Int+3}
  4886 | D:5      | Identified the ring of Megalomania {rF+ Will+ Str-2 Int+2}
  5737 | D:6      | Found a staircase to the Ecumenical Temple.
  5773 | D:6      | Reached XP level 9. HP: 66/66 MP: 14/14
  5782 | Temple   | Entered the Ecumenical Temple
  5833 | Temple   | Became a worshipper of Fedhas Madash
  5902 | D:6      | nope
  6292 | D:6      | Reached skill level 5 in Fighting
  6292 | D:6      | Reached skill level 5 in Dodging
  6300 | D:6      | Reached * piety under Fedhas
  6303 | D:6      | Reached skill level 5 in Stealth
  6323 | D:6      | Found a snail-covered altar of Cheibriados.
  6361 | D:6      | Reached skill level 8 in Evocations
  6466 | D:6      | Reached skill level 5 in Invocations
  7002 | D:7      | Reached XP level 10. HP: 66/74 MP: 17/17
  7227 | D:7      | Found the +2 hood of the Assassin {Detection Stab+ Stlth++}
  7241 | D:7      | YES
  7245 | D:7      | YES
  7254 | D:7      | HAHA YES
  7254 | D:7      | HAHA YESSSSSSSSSSSSSSSSSSSSSSSSSSSSSSSSSSSSSSSSSSSSSSS
  7254 | D:7      | SICKO
  7254 | D:7      | SICKO
  7307 | D:7      | Found the +10 tower shield of Ignorance {rN+ Int-4}
  7409 | D:7      | lmfao
  7436 | D:7      | Reached skill level 5 in Short Blades
  7436 | D:7      | Reached skill level 5 in Long Blades
  7436 | D:7      | Reached skill level 5 in Axes
  7436 | D:7      | Reached skill level 5 in Maces & Flails
  7436 | D:7      | Reached skill level 5 in Polearms
  7436 | D:7      | Reached skill level 5 in Staves
  7436 | D:7      | Reached skill level 5 in Slings
  7436 | D:7      | Reached skill level 5 in Bows
  7436 | D:7      | Reached skill level 5 in Crossbows
  7436 | D:7      | Reached skill level 5 in Throwing
  7436 | D:7      | Reached skill level 5 in Shields
  7436 | D:7      | Reached skill level 5 in Unarmed Combat
  7436 | D:7      | Reached skill level 5 in Spellcasting
  7467 | D:7      | Reached ** piety under Fedhas
  8003 | D:8      | Paralysed by something for 2 turns
  8009 | D:7      | Paralysed by something for 3 turns
  8010 | D:7      | HP: 3/76 [poisoned by a hornet]
  8011 | D:7      | HP: 1/76 [poisoned by a hornet]
  8011 | D:7      | Mangled by a hornet

Illustrated notes . #.P.≈≈≈♣≈.. #...##.#...♣≈≈≈≈≈≈ #...##.#♣..♣≈♣≈≈≈≈ #.........P..≈≈♣≈≈ #....#.#..#P..P♣≈. #.<.......##P..P.. ####.....#..####.###> ##..♣....###......# #. #.P..@.##.#.####### #. ##....P#....## #† ###..♣≈♣.♣##.## #. #...♣≈≈≈..P#.# ###. # #.#.♣≈≈♣.....# #... # #.#P≈♣≈≈.P...# #... # #.#.≈≈≈≈♣≈.#.# #..# # #.#..≈≈≈≈....# #..# # #.#♣..≈≈≈....# ##..# Turn 1768 on D:2: lol ### .##.. ... ...>.# #.# #..#.. #.# #. ..... #.# #.. ∆##++## #.# +...##8..8## ##.#########...#8....8# ∆ ∆ ..........#....#@....=# ##.######.#.##.#(....)# #### ....#####.#.##.#8....8# ∆o..## ..........#.##.##8..8#######..# ##..####..#.##..##)'##.'.#.##.# #).# #.)..# #........#..#.#.# #..####....###.######.#.####.# #?....†...)....# #.##.†..## # #.#####.######.# #..######..# Turn 4787 on D:5: pog

..... #...........# .
.....#####.....#....##
.. #..#..#....####.....
...##..........##.#.#...
.........†#........#...
..#.....##.##.....##..
#......#.##.##§###..
##........#.#≈.≈##..
##@.##..##.##.##...
.yy.yy...#####..#≈>≈#.#.
#.##..#.... #.##.##.##
#...#..#.# ..#≈.≈#.##
.... #..#... ###.##.##
....# ...##..# #.......#
..#. ..## #............
..# ..# #..#..)#....
##.....#.###


Turn 5902 on D:6: nope #....# ##.# #....# #.## .# .....# #..# .# ..#########.##
.# ..#.....# #..# .# ..#.....# ##.## .# ###.....# #..# .# #.....# ###.###.#.#
#.....# #...[.@...# #†....# #.##.##.### ###.....###. #.# .# ..........# #.. .#
......###.# ##.#.o ......# #.#∆ .... ......# #.# #.... ......# #.# .... ..(...#
#.# Turn 7241 on D:7: YES ..#....# ##.# ..#....# #.## .# .......# #..# .#
....#########.## .# ....#.....# #..# .# ....#.....# ##.## .# #####.....# #..# .#
#.....# ###.###.#.# #.....# #...@.....# #†....# #.##.##.### #####.....###. #.#
.# ............# #.. .# #.......###.# ##.#.o ........# #.#∆ .... ........# #.#
#.... ........# #.# .... ....(...# #.# Turn 7245 on D:7: YES #...###### ##.#
#...#....# #.# #...#....# #.## #...#....# #..# #...#....# ##.# ##...#....# #.##
.# ..........# #..# .# .......#########.## .# .......#.....# #@.# .#
.......#.....# ##.## .# ########.....# #..# .# #.....# ###.###.#.# #.....#
#.........# #†....# #.##.##.### ########.....###. #.# .# ...............# #.. .#
.###.......###.# ##.#.o Turn 7254 on D:7: HAHA YES .# .# .## .# ..# .# #.###.#.#
........# ########### ##.##.### #.........# ##.##.# #..[......# ##..#.####
###.........# ###.#....# #...@.......# # #......####....######## #
#.....'..'.......# ####.....####....##.###### ..)..>...#........#......#
######...#.######.#......# .#.......#.#...<#.#......# .#.###...#.#.####.#......#
.# #...#.#......#......### Turn 7409 on D:7: lmfao

Levels and vault maps discovered:
D:1:      nicolae_arrival_memento_mori, layout_loops_cross,
          shapermc_ecumenical_altar_acropolis, minmay_shallow_snake_nest
D:2:      layout_loops_ring, serial_bayou, serial_bayou_pond_a,
          serial_bayou_pond_d, serial_bayou_ford_a, serial_bayou_shore_b,
          serial_bayou_pond_a, serial_bayou_shore_a, hex_tiny
D:3:      layout_loops_ring
D:4:      layout_rooms, chequers_ossuary_entry_cave, serial_shops,
          kennysheep_little_box, minmay_goblin_outpost
D:5:      layout_basic, minmay_hollow_rounded_squares
D:6:      layout_cave_pools, mainiacjoe_overflow_alcove_2,
          minmay_temple_entry_metal_lava
D:7:      layout_basic
D:8:      layout_loops_ring, nicolae_ru_great_annihilating_truth, enter_bailey_5
Temple:   chequers_temple_sunken

Skill      XL: |  1  2  3  4  5  6  7  8  9 10 |
---------------+-------------------------------+-----
Invocations    | 1 2 3 4 5 |  5.6
Short Blades   | 1 2 3 4 5 |  5.1
Long Blades    | 1 2 3 4 5 |  5.1
Axes           | 1 2 3 4 5 |  5.1
Maces & Flails | 1 2 3 4 5 |  5.1
Polearms       | 1 2 3 4 5 |  5.1
Staves         | 1 2 3 4 5 |  5.1
Slings         | 1 2 3 4 5 |  5.1
Bows           | 1 2 3 4 5 |  5.1
Crossbows      | 1 2 3 4 5 |  5.1
Throwing       | 1 2 3 4 5 |  5.1
Shields        | 1 2 3 4 5 |  5.1
Unarmed Combat | 1 2 3 4 5 |  5.1
Spellcasting   | 1 2 3 4 5 |  5.1
Conjurations   | 1 2 3 4 |  4.2
Hexes          | 1 2 3 4 |  4.2
Summonings     | 1 2 3 4 |  4.2
Necromancy     | 1 2 3 4 |  4.2
Translocations | 1 2 3 4 |  4.2
Transmutations | 1 2 3 4 |  4.2
Fire Magic     | 1 2 3 4 |  4.2
Ice Magic      | 1 2 3 4 |  4.2
Air Magic      | 1 2 3 4 |  4.2
Earth Magic    | 1 2 3 4 |  4.2
Poison Magic   | 1 2 3 4 |  4.2
Fighting       | 3 4 5 |  5.8
Dodging        | 3 4 5 |  5.8
Stealth        | 3 4 5 |  5.6
Armour         | 5 6 |  6.9
Evocations     | 7 8 |  8.4

Action                   |  1- 3 |  4- 6 |  7- 9 | 10-12 || total
-------------------------+-------+-------+-------+-------++-------
Melee: Club              |   109 |       |       |       ||   109
       Bite              |    12 |    16 |    25 |     4 ||    57
       Punch             |     1 |       |       |       ||     1
       Halberd           |    51 |   224 |   317 |    68 ||   660
 Fire: Hunting sling     |       |    25 |    32 |       ||    57
Evoke: Wand              |    19 |     6 |    25 |       ||    50
       Piece from Xom's  |     4 |     4 |     3 |     2 ||    13
  Use: Scroll            |     3 |     1 |     3 |     3 ||    10
       Potion            |     1 |     2 |       |     2 ||     5
 Stab: Petrified         |     6 |       |     2 |       ||     8
       Sleeping          |     5 |     3 |     8 |     5 ||    21
       Petrifying        |     1 |       |       |       ||     1
       Paralysed         |       |     3 |       |       ||     3
       Distracted        |       |     1 |       |       ||     1
Armor: Leather armour    |    41 |    55 |   116 |    34 ||   246
Dodge: Dodged            |   179 |   256 |   388 |    65 ||   888

Table legend: (Time is in decaauts)
 A = Elapsed time spent in this place.
 B = Non-inter-level travel time spent in this place.
 C = Inter-level travel time spent in this place.
 D = Time resting spent in this place.
 E = Time spent auto-exploring this place.
 F = Levels seen in this place.
 G = Mean time per level.
                   A        B        C        D        E       F      G
               +--------+--------+--------+--------+--------+-----+--------+
         Total |   8319 |   7932 |    387 |    711 |   4628 |  10 |  831.9 |
       Dungeon |   7813 |   7452 |    361 |    604 |   4540 |   8 |  976.6 |
        Temple |     89 |     63 |     26 |      0 |      0 |   1 |   89.0 |
       Ossuary |    415 |    415 |      0 |    107 |     88 |   1 |  415.0 |
               +--------+--------+--------+--------+--------+-----+--------+

Top non-repeatable levels by time:
     D:5: 1428 daAuts
     D:1: 1356 daAuts
     D:2: 1200 daAuts
     D:7: 1096 daAuts
     D:3: 1066 daAuts
     D:6: 966 daAuts
     D:4: 672 daAuts
 Ossuary: 415 daAuts
  Temple: 89 daAuts
     D:8: 27 daAuts
